 Dungeon Crawl Stone Soup version 0.27.0-1-g7a089689b8 (webtiles) character file.

Game seed: 3597418888136138524

4211 night the Tainter (level 10, 0/96 HPs)
             Began as a Gargoyle Venom Mage on Aug 2, 2021.
             Was an Initiate of Gozag.
             Slain by Erolcha (14 damage)
             ... on level 9 of the Dungeon.
             The game lasted 00:25:11 (8822 turns).

night the Tainter (Gargoyle Venom Mage)             Turns: 8822, Time: 00:25:12

Health: 0/96       AC: 29    Str: 11 (12) XL:     10   Next: 29%
Magic:  20/20      EV:  2    Int: 16 (19) God:    Gozag
Gold:   1246       SH:  0    Dex:  8 (10) Spells: 9/23 levels left

rFire    + . .     SeeInvis .   d - +0 long sword (freeze)
rCold    + . .     Faith    .   (no shield)
rNeg     + + +     Spirit   .   (armour currently unavailable)
rPois    ∞         Reflect  .   (helmet currently unavailable)
rElec    +         Harm     .   (cloak currently unavailable)
rCorr    +         Rampage  .   (gloves currently unavailable)
Will     .....     NoTele   +   (boots currently unavailable)
Stlth    ++........             n - amulet of regeneration
HPRegen  1.26/turn              g - +4 ring of slaying
MPRegen  0.17/turn              J - +4 ring of protection

@: tree-form, resistant
A: stationary, stasis, torment immunity, boosted hp, sickness immunity, AC +7,
negative energy resistance 1, (electricity resistance), torment resistance 1,
petrification resistance
a: Renounce Religion, Potion Petition, Call Merchant, Bribe Branch


You were on level 9 of the Dungeon.
You worshipped Gozag.
Gozag was most pleased with you.
You were a tree.
You visited 2 branches of the dungeon, and saw 10 of its levels.

You collected 1632 gold pieces.
You spent 324 gold pieces at shops.
You paid 62 gold pieces to Gozag.

Inventory:

Hand Weapons
 d - a +0 long sword of freezing (weapon)
 y - a +1 vorpal flail
 E - a +1 shortbow of freezing
Missiles
 e - 274 stones
 i - 159 arrows
 u - 26 poisoned darts (quivered)
 w - 3 boomerangs
 B - 71 sling bullets
 F - 21 bolts
Armour
 a - a +0 robe
 b - a +1 cloak (melded)
 h - a +2 pair of gloves (melded)
 x - a +2 troll leather armour (melded)
 z - a +2 scale mail of fire resistance
 I - a +0 pair of boots (melded)
Magical Staves
 r - a staff of poison
Jewellery
 g - a +4 ring of slaying (left branch)
 n - an amulet of regeneration (around neck)
 q - a ring of see invisible
 s - a +6 ring of strength
 C - a ring of willpower
 J - a +4 ring of protection (right branch)
Wands
 p - a wand of iceblast (5)
 v - a wand of digging (9)
Scrolls
 j - 4 scrolls of amnesia
 m - 5 scrolls of teleportation
 t - 2 scrolls of magic mapping
 H - a scroll of enchant armour
Potions
 c - 2 potions of haste
 f - 2 potions of lignification
 k - 2 potions of mutation
 l - 3 potions of brilliance
 o - 2 potions of resistance
 A - 2 potions of curing
 D - a potion of degeneration
 K - a potion of might {unknown}


   Skills:
 + Level 8.1 Fighting
 - Level 1.5 Dodging
 - Level 2.1 Stealth
 + Level 7.2 Spellcasting
 - Level 0.7 Transmutations
 - Level 6.6 Ice Magic
 + Level 8.1 Poison Magic


You had 9 spell levels left.
You knew the following spells:

 Your Spells              Type           Power      Damage    Failure   Level
a - Sting                 Tmut/Pois      76%        1d6       1%          1
b - Poisonous Vapours     Pois/Air       36%        N/A       3%          2
c - Frozen Ramparts       Ice            54%        1d7       2%          3
d - Olgreb's Toxic Radia  Pois           31%        N/A       4%          4
e - Iskenderun's Mystic   Conj/Tloc      5%         2d3       77%         4

Your spell library contained the following spells:

 Spells                   Type           Power      Damage    Failure   Level
 Freeze                   Ice            100%       1d11      1%          1
 Ensorcelled Hibernation  Hex/Ice        32%        N/A       4%          2
 Spider Form              Tmut/Pois      9%         N/A       6%          3
 Summon Small Mammal      Summ           20%        N/A       12%         1
 Mephitic Cloud           Conj/Pois/Air  14%        N/A       12%         3
 Static Discharge         Conj/Air       5%         N/A       19%         2
 Hailstorm                Conj/Ice       16%        3d6       30%         4
 Call Canine Familiar     Summ           5%         N/A       36%         3
 Dazzling Flash           Conj/Hex       10%        N/A       36%         3
 Gell's Gravitas          Tloc           2%         N/A       36%         3
 Summon Guardian Golem    Hex/Summ       5%         N/A       36%         3
 Teleport Other           Tloc           5%         N/A       36%         3
 Tukima's Dance           Hex            5%         N/A       36%         3
 Passage of Golubria      Tloc           N/A        N/A       77%         4
 Yara's Violent Unravell  Hex/Tmut       3%         3d4       96%         5
 Lightning Bolt           Conj/Air       2%         1d14      98%         5
 Dispersal                Tloc           2%         N/A       100%        6
 Shadow Creatures         Summ           N/A        N/A       100%        6
 Starburst                Conj/Fire      2%         8x6d3     100%        6
 Malign Gateway           Summ/Tloc      2%         N/A       100%        7
 Maxwell's Capacitive Co  Air            2%         ∞         100%        8
 Summon Horrible Things   Summ           2%         N/A       100%        8


Dungeon Overview and Level Annotations

Branches:
Dungeon (9/15)             Temple (1/1) D:4             Orc (0/2) D:9
   Lair: D:8-11

Altars:
Ashenzari
Cheibriados
Dithmenos
Elyvilon
Fedhas
Gozag
Hepliaklqana
Kikubaaqudgha
Makhleb
Nemelex Xobeh
Okawaru
Qazlal
Ru
Sif Muna
Trog
Uskayaw
Vehumet
Wu Jian
Xom
Yredelemnul
Zin
The Shining One
Beogh

Shops:
D:1 =   D:7 [

Annotations:
D:9 Erolcha


Innate Abilities, Weirdness & Mutations

You are a tree.
Your roots penetrate the ground, keeping you stationary.
You cannot be teleported.
You are immune to unholy pain and torment.
Your maximum health is greatly increased.
Your equipment is partially melded.
You are immune to sickness and miasma.
((Your stone body is resilient. (AC +7)))
You are immune to poison.
You resist negative energy. (rN+)
((You are resistant to electric shocks. (rElec)))
You are resistant to unholy torment.
You are immune to petrification.


Message History

Erolcha flickers and vanishes!
Deactivating autopickup; reactivate with Ctrl-A.
There is an open door here.
There is a strange disturbance nearby!
You hear some strange, mumbled words.
There is an open door here.
There is an open door here.
Something hits you!
There is an open door here.
You slash something! You freeze something.
Something hits you but does no damage. Something hits you!!
You hit something. You freeze something. Something hits you but does no damage.
You hit something but do no damage. Something hits you!!
You barely miss something. Something hits you!!
* * * LOW HITPOINT WARNING * * *
You hear some strange, mumbled words.
Something tries to affect you, but you resist.
Really quaff the potion of lignification?
You turn into a tree.
Your +1 cloak melds into your body.
Your +2 pair of gloves melds into your body.
Your +0 pair of boots melds into your body.
Your +2 troll leather armour melds into your body.
Your roots penetrate the ground.
Something hits you.
* * * LOW HITPOINT WARNING * * *
It was a potion of curing.
You feel better. Something hits you!
* * * LOW HITPOINT WARNING * * *
It was a potion of resistance.
You feel protected. Something hits you but does no damage.
Okay, then.
You slash something! You freeze something. Something hits you.
* * * LOW HITPOINT WARNING * * *
It was a potion of degeneration.
There was something very wrong with that liquid.
You feel weakened.
You feel dopey.
You feel clumsy. Something hits you.
* * * LOW HITPOINT WARNING * * *
It was a potion of magic.
Magic courses through your body. Something hits you!
You die...
Your body crumbles into a pile of gold.

##### #...#
#...#
######+####...#
#.....[...{♣..#
#.........#...#
#........######
#........# $
###'###...#
#.....#...#
#..##.#...#
#..# .#...#
#####..# #...#


There were no monsters in sight!

Vanquished Creatures
  Pikel (D:7)
  2 wyverns
  2 wraiths
  A steam dragon (D:8)
  Edmund (D:4)
  4 water moccasins
  An ice beast (D:7)
  2 sky beasts
  An orc warrior (D:9)
  An ogre (D:6)
  6 centaurs
  A phantom (D:3)
  2 lemures (D:7)
  A wyvern zombie (D:9)
  A bullfrog (D:7)
  A gnoll sergeant (D:5)
  A scorpion (D:4)
  4 wights
  2 electric eels (D:8)
  A howler monkey (D:5)
  A centaur zombie (D:5)
  A bullfrog zombie (D:5)
  3 hounds
  2 jellies (D:4)
  4 orc priests
  A centaur skeleton (D:7)
  Ijyb (D:5)
  3 iguanas
  9 orc wizards
  A hound zombie (D:5)
  A hound skeleton (D:4)
  7 gnolls
  A howler monkey skeleton (D:6)
  6 adders
  2 shadow imps
  A white imp (D:5)
  A worm (D:3)
  16 orcs
  5 ball pythons
  6 endoplasms
  5 giant cockroaches
  7 goblins
  2 hobgoblins
  5 jackals
  2 quokkas (D:2)
  6 bats
  A frilled lizard (D:2)
  4 kobolds
  3 rats
143 creatures vanquished.

Vanquished Creatures (collateral kills)
  A necrophage (D:7)
1 creature vanquished.

Vanquished Creatures (others)
  A plant (D:3)
1 creature vanquished.

Grand Total: 145 creatures vanquished

Notes
Turn   | Place    | Note
-------+----------+-------------------------------------------
     0 | D:1      | night the Gargoyle Venom Mage began the quest for the Orb.
     0 | D:1      | Reached XP level 1. HP: 10/10 MP: 3/3
   161 | D:1      | Found Suthrepta's Jewellery Emporium.
   325 | D:1      | Reached XP level 2. HP: 15/16 MP: 5/5
   394 | D:1      | Reached skill level 1 in Fighting
  1438 | D:2      | Learned a level 2 spell: Poisonous Vapours
  1496 | D:2      | Found a faded altar of an unknown god.
  2090 | D:3      | Reached XP level 3. HP: 20/20 MP: 3/6
  2403 | D:3      | Learned a level 3 spell: Frozen Ramparts
  2974 | D:3      | Reached XP level 4. HP: 26/26 MP: 8/8
  3043 | D:3      | Reached skill level 2 in Fighting
  3092 | D:4      | Reached skill level 1 in Ice Magic
  3297 | D:4      | Reached XP level 5. HP: 31/31 MP: 4/9
  3398 | D:4      | Found a staircase to the Ecumenical Temple.
  3407 | D:4      | Noticed a phantom
  3464 | D:3      | Killed a phantom
  3465 | D:3      | Reached skill level 2 in Ice Magic
  3465 | D:3      | Reached XP level 6. HP: 25/37 MP: 4/11
  3634 | Temple   | Entered the Ecumenical Temple
  3639 | Temple   | Became a worshipper of Gozag Ym Sagoz the Greedy
  4224 | D:4      | Learned a level 4 spell: Olgreb's Toxic Radiance
  4307 | D:5      | Entered Level 5 of the Dungeon
  4396 | D:5      | Reached XP level 7. HP: 37/42 MP: 12/12
  4638 | D:5      | Noticed Ijyb
  4650 | D:5      | Killed Ijyb
  4745 | D:5      | Noticed Edmund
  4760 | D:4      | Reached skill level 5 in Poison Magic
  4769 | D:4      | Killed Edmund
  4899 | D:4      | Reached XP level 8. HP: 29/48 MP: 3/14
  4904 | D:4      | HP: 4/48 [wight (10)]
  5404 | D:5      | Reached skill level 5 in Fighting
  5973 | D:6      | Reached skill level 5 in Spellcasting
  6114 | D:6      | HP: 5/50 [ogre (13)]
  6887 | D:7      | Reached skill level 5 in Ice Magic
  6944 | D:7      | Reached XP level 9. HP: 55/55 MP: 11/17
  6977 | D:7      | Noticed Pikel
  6992 | D:7      | Killed Pikel
  7133 | D:7      | Identified a scroll of acquirement
  7133 | D:7      | Acquired an amulet of regeneration
  7589 | D:7      | Found Qounapupp's Armour Shop.
  7597 | D:7      | Bought a +2 troll leather armour for 324 gold pieces
  7774 | D:8      | Reached XP level 10. HP: 56/63 MP: 13/20
  7896 | D:8      | Acquired 523 gold pieces
  7938 | D:8      | Found a blossoming altar of Fedhas.
  8336 | D:8      | Learned a level 4 spell: Iskenderun's Mystic Blast
  8727 | D:9      | Found a staircase to the Orcish Mines.
  8801 | D:9      | Noticed Erolcha
  8816 | D:9      | HP: 8/64 [something (19)]
  8821 | D:9      | HP: 13/96 [something (1)]
  8822 | D:9      | Slain by Erolcha

Illustrated notes

Levels and vault maps discovered:
D:1:      psy_arrival_radial02, layout_basic, serial_shops,
          nicolae_shop_temple_entry_statues_fountains, minmay_misc_feat_roman,
          serial_bayou_pond_e, minmay_tromino_v4_c
D:2:      layout_rooms, shapermc_ecumenical_altar_venn, grunt_decor_junction
D:3:      layout_rooms, serial_forest, infiniplex_forest_side_room,
          infiniplex_forest_lined_2, infiniplex_forest_clump_medium,
          infiniplex_forest_end_3, infiniplex_forest_clump_small,
          minmay_bisected
D:4:      layout_cave_pools, minmay_temple_entry_arrows,
          hangedman_abyss_or_decor_stagger
D:5:      layout_cave_pools, uniq_ijyb, uniq_edmund
D:6:      layout_basic
D:7:      layout_rooms, nicolae_stop_n_shop_1, uniq_pikel
D:8:      layout_basic, fedhas_altar_1
D:9:      nicolae_whirlpool, layout_stronghold, minmay_orc_entry_temple_small,
          serial_glass, glass_columns_b, glass_columns_a, uniq_erolcha
Temple:   compressed_dpeg_triangle_lava_temple

Skill      XL: |  1  2  3  4  5  6  7  8  9 10 |
---------------+-------------------------------+-----
Fighting       | 1 2 3 4 6 7 8 |  8.1
Ice Magic      | 1 2 3 5 6 |  6.6
Spellcasting   | 3 4 5 6 7 |  7.2
Poison Magic   | 4 5 6 7 8 |  8.1
Dodging        | |  1.5
Stealth        | |  2.1
Transmutations | |  0.7

Action                   |  1- 3 |  4- 6 |  7- 9 | 10-12 || total
-------------------------+-------+-------+-------+-------++-------
Melee: Long sword        |    42 |    48 |   120 |    64 ||   274
       Unarmed           |     2 |       |       |       ||     2
Throw: Dart              |       |       |     2 |       ||     2
 Cast: Sting             |    33 |    25 |    16 |       ||    74
       Poisonous Vapours |    12 |    10 |    17 |    12 ||    51
       Frozen Ramparts   |       |     1 |    16 |     1 ||    18
       Olgreb's Toxic Ra |       |       |     5 |     5 ||    10
Evoke: Wand              |       |       |     2 |       ||     2
  Use: Scroll            |       |     8 |     5 |     2 ||    15
       Potion            |       |       |       |     5 ||     5
 Stab: Sleeping          |     1 |       |     2 |       ||     3
Armor: Robe              |    22 |    50 |    81 |       ||   153
       Troll leather arm |       |       |     8 |    55 ||    63
       Skin              |       |       |       |     1 ||     1
Dodge: Dodged            |    19 |    64 |   101 |    69 ||   253
       Rpst.: Long sword |    11 |    19 |    34 |    16 ||    80
